 Dungeon Sprint DCSS version 0.29.1-1-gd02db6906a (webtiles) character file.

Game seed: 10809083133162907044

977 Low2 the Cruncher (level 8, -5/83 (88) HPs)
             Began as an Ogre Gladiator on Oct 16, 2022.
             Was a Follower of Wu Jian.
             Slain by a demonic crawler (13 damage)
             ... in the Dungeon (Sprint I: "Red Sonja").
             The game lasted 00:04:54 (807 turns).

Low2 the Cruncher (Ogre Gladiator)                   Turns: 807, Time: 00:04:55

HP:   -5/83 (88)    AC:  3    Str: 21    XL:     8   Next: 17%
MP:   8/8           EV: 12    Int:  9    God:    Wu Jian [*.....]
Gold: 214           SH:  0    Dex: 10    Spells: 7/7 levels left

rFire   . . .      SeeInvis .   d - +7 great sword (holy)
rCold   . . .      Faith    .   (shield currently unavailable)
rNeg    . . .      Spirit   .   b - +0 robe
rPois   .          Reflect  .   c - +0 hat
rElec   .          Harm     .   (no cloak)
rCorr   .          Rampage  .   (gloves unavailable)
Will    .....      NoTele   +   (boots unavailable)
Stlth   ++........              (no amulet)
HPRegen 0.23/turn               (no ring)
MPRegen 0.11/turn               (no ring)

@: on berserk cooldown, slowed, drained, very slow
A: large, unfitting armour, tough skin 1
a: Renounce Religion


You were in the Dungeon.
You worshipped Wu Jian.
Wu Jian was aware of your devotion.
You visited 1 branch You collected 413 gold pieces.
You spent 199 gold pieces at shops.

Inventory:

Hand Weapons
 a - a +0 quarterstaff
 d - a +7 great sword of holy wrath (weapon)
Armour
 b - a +0 robe (worn)
 c - a +0 hat (worn)
Potions
 i - 2 potions of magic


   Skills:
 + Level 8.2 Fighting
 + Level 1.8 Long Blades
 + Level 11.0 Staves
 + Level 7.3 Throwing
 + Level 8.3 Dodging
 + Level 4.2 Stealth
 + Level 0.9 Evocations


You had 7 spell levels left.
You didn't know any spells.
Your spell library was empty.

Dungeon Overview and Level Annotations

Branches:
Dungeon (1/1)

Altars:
Cheibriados
Dithmenos
Elyvilon
Fedhas
Gozag
Hepliaklqana
Kikubaaqudgha
Makhleb
Nemelex Xobeh
Okawaru
Qazlal
Ru
Sif Muna
Trog
Uskayaw
Vehumet
Wu Jian
Xom
Yredelemnul
Zin
The Shining One
Jiyva
Lugonu

Shops:
D (

Annotations:
D Sonja


Innate Abilities, Weirdness & Mutations

You are too large for most types of armour.
You have tough skin. (AC +1)


Message History

The kobold demonologist looks braver for a moment.
You closely miss the kobold demonologist.
The kobold demonologist is almost dead.
You feel yourself slow down.
The kobold demonologist barely misses you.
You barely miss the kobold demonologist.
The kobold demonologist is almost dead.
The kobold demonologist miscasts a cantrip.
The kobold demonologist gestures wildly while chanting.
The kobold demonologist misses you.
You closely miss the kobold demonologist.
The kobold demonologist is almost dead.
The demonic crawler gives a hideous shriek!
The demonic crawler shrieks in warning!
The kobold demonologist hits you with a +1 dagger of draining.
You feel drained.
The kobold demonologist hits you with a +1 dagger of draining.
You feel drained.
You hear a shout!
Okay, then.
You barely miss the kobold demonologist.
The kobold demonologist is almost dead.
The kobold demonologist barely misses you.
The crimson imp blinks!
Something unseen opens the door.
The demonic crawler shrieks in warning!
The kobold demonologist hits you with a +1 dagger of draining.
You feel drained.
Sonja, the Graceful Assassin comes into view.
She is wielding a +1 dagger of distortion and quivering curare-tipped darts.
The kobold demonologist closely misses you.
You slash the kobold demonologist!
You kill the kobold demonologist!
The Council accepts your kill.
The ice devil disappears in a puff of smoke!
The ufetubus disappears in a puff of smoke!
The demonic crawler hits you!
* * * LOW HITPOINT WARNING * * *
The demonic crawler hits you.
* * * LOW HITPOINT WARNING * * *
The demonic crawler hits you!
You die...

##########################
#<.#.))..#..'..#__#..'§sK#
#..'..#..').#..'..'.K#.4.#
#..#####'#####'#__####..43
#..####..#...#.#### #####
#..#__####..##.#
#..#_____##'#_.+
#⌠⌠#_.∩..@sK§._#
####_..__##§.#'#
#_____###'#.# ####### ###


You could see a demonic crawler (catching breath) and Sonja.

Vanquished Creatures
  2 kobold demonologists (D)
  A slime creature (D)
  Sigmund (D)
  A yak (D)
  A floating eye (D)
  An ogre (D)
  A jelly (D)
  Ijyb (D)
9 creatures vanquished.

Notes
Turn   | Place    | Note
-------+----------+-------------------------------------------
     0 | D        | Low2 the Ogre Gladiator began the quest for the Orb.
     0 | D        | Reached XP level 1. HP: 22/22 MP: 1/1
     2 | D        | Noticed Ijyb
     4 | D        | Paralysed by Ijyb for 2 turns
    10 | D        | Paralysed by Ijyb for 3 turns
    19 | D        | Paralysed by Ijyb for 5 turns
    30 | D        | Killed Ijyb
    31 | D        | Reached skill level 4 in Staves
    31 | D        | Reached XP level 2. HP: 24/31 MP: 2/2
    31 | D        | Reached XP level 3. HP: 29/37 MP: 3/3
    98 | D        | Noticed an ogre
   102 | D        | Killed an ogre
   103 | D        | Reached skill level 6 in Staves
   103 | D        | Reached skill level 5 in Dodging
   103 | D        | Reached XP level 4. HP: 49/49 MP: 4/4
   103 | D        | Reached XP level 5. HP: 55/55 MP: 5/5
   118 | D        | Noticed Sigmund
   126 | D        | Killed Sigmund
   127 | D        | Reached skill level 5 in Fighting
   127 | D        | Reached skill level 8 in Staves
   127 | D        | Reached skill level 5 in Throwing
   127 | D        | Reached skill level 1 in Stealth
   127 | D        | Reached XP level 6. HP: 57/67 MP: 6/6
   184 | D        | Found an ornate altar of the Wu Jian Council.
   184 | D        | Found a shimmering blue altar of Sif Muna.
   186 | D        | Found a radiant altar of Vehumet.
   206 | D        | Became a worshipper of the Wu Jian Council
   243 | D        | Found Xyadd's Antique Weapon Emporium.
   243 | D        | Found an ancient bone altar of Kikubaaqudgha.
   243 | D        | Found a hazy altar of Hepliaklqana.
   243 | D        | Found a stormy altar of Qazlal.
   243 | D        | Found a hide-covered altar of Uskayaw.
   243 | D        | Found a blossoming altar of Fedhas.
   243 | D        | Found a bloodstained altar of Trog.
   243 | D        | Found an iron altar of Okawaru.
   243 | D        | Found a basalt altar of Yredelemnul.
   243 | D        | Found a glowing golden altar of the Shining One.
   243 | D        | Found a snail-covered altar of Cheibriados.
   243 | D        | Found a sacrificial altar of Ru.
   243 | D        | Found a glowing silver altar of Zin.
   243 | D        | Found a shadowy altar of Dithmenos.
   243 | D        | Found a white marble altar of Elyvilon.
   243 | D        | Noticed a yak
   257 | D        | Killed a yak
   258 | D        | Reached skill level 9 in Staves
   258 | D        | Reached XP level 7. HP: 15/76 MP: 7/7
   542 | D        | Found a burning altar of Makhleb.
   542 | D        | Found a viscous altar of Jiyva.
   542 | D        | Found a shimmering altar of Xom.
   542 | D        | Found a corrupted altar of Lugonu.
   542 | D        | Noticed a slime creature
   558 | D        | Killed a slime creature
   559 | D        | Reached skill level 10 in Staves
   718 | D        | Found an opulent altar of Gozag.
   719 | D        | Found a sparkling altar of Nemelex Xobeh.
   725 | D        | Bought a glowing great sword for 199 gold pieces
   749 | D        | Noticed a kobold demonologist
   750 | D        | Noticed a kobold demonologist
   751 | D        | Reached * piety under Wu Jian
   755 | D        | Noticed a sun demon
   757 | D        | Noticed a chaos spawn
   757 | D        | Noticed a rust devil
   760 | D        | Noticed a demonic crawler
   760 | D        | Noticed a demonic crawler
   760 | D        | Noticed a demonic crawler
   760 | D        | Noticed a demonic crawler
   787 | D        | Killed a kobold demonologist
   788 | D        | Reached skill level 1 in Long Blades
   788 | D        | Reached skill level 11 in Staves
   788 | D        | Reached XP level 8. HP: 53/88 MP: 8/8
   800 | D        | Noticed an ice devil
   806 | D        | Noticed Sonja
   807 | D        | Killed a kobold demonologist
   807 | D        | Slain by a demonic crawler

Illustrated notes

Levels and vault maps discovered:
D:        dungeon_sprint_1 [red_sonja_temple_1, red_sonja_temple_small_1]

Skill      XL: |  1  2  3  4  5  6  7 |
---------------+----------------------+-----
Fighting       | 3 4 5 6 8 |  8.2
Staves         | 4 6 8 9 11 | 11.0
Dodging        | 4 5 6 7 8 |  8.3
Throwing       | 4 5 6 7 |  7.3
Stealth        | 1 2 4 |  4.2
Long Blades    | 1 |  1.8
Evocations     | |  0.9

Action                   |  1- 3 |  4- 6 |  7- 9 || total
-------------------------+-------+-------+-------++-------
Melee: Quarterstaff      |    15 |    15 |    13 ||    43
       Great sword       |       |       |    17 ||    17
Throw: Throwing net      |     4 |     1 |       ||     5
       Large rock        |     2 |     2 |     1 ||     5
       Stone             |       |     5 |     1 ||     6
Invok: Lunge             |       |       |     3 ||     3
Evoke: Wand              |       |       |     3 ||     3
  Use: Potion            |     1 |     1 |     2 ||     4
       Scroll            |       |       |     2 ||     2
 Stab: Held in net/web   |     1 |     1 |       ||     2
       Paralysed         |       |       |     4 ||     4
Armor: Robe              |     1 |       |     8 ||     9
Dodge: Dodged            |     1 |     4 |    11 ||    16
